 Dungeon Crawl Stone Soup version 0.25-a0-1073-gf4359a17dd (webtiles) character file.

Game seed: 159925548703073890, levelgen mode: deterministic

3328 Lovchig the Cleaver (level 9, -9/83 HPs)
             Began as a Deep Dwarf Fighter on May 14, 2020.
             Killed from afar by a fire dragon (36 damage)
             ... with a blast of flame
             ... on level 8 of the Dungeon.
             The game lasted 00:20:13 (4712 turns).

Lovchig the Cleaver (Deep Dwarf Fighter)            Turns: 4712, Time: 00:20:13

Health: -9/83      AC: 18    Str: 24    XL:     9   Next: 71%
Magic:  3/3        EV:  7    Int: 10    God:
Gold:   355        SH: 11    Dex: 12    Spells: 8/8 levels left

rFire    . . .     SeeInvis .   H - +2 war axe (elec)
rCold    . . .     Gourm    .   c - +0 kite shield
rNeg     . . .     Faith    +   w - +2 plate armour {rPois}
rPois    +         Spirit   .   n - +2 helmet
rElec    .         Reflect  .   y - +0 cloak
rCorr    .         Harm     .   i - +0 pair of gloves
MR       +....                  e - +0 pair of boots
Stlth    ..........             p - amulet of faith
HPRegen  0.00/turn              E - ring of stealth
MPRegen  0.08/turn              (no ring)

@: mighty, non-regenerating
A: damage resistance, heal wounds, rugged brown scales 1, deformed body, sense
surroundings 2, strong 1, wild magic 1, no regeneration
a: Heal Wounds


You were on level 8 of the Dungeon.
You were hungry.

You visited 2 branches of the dungeon, and saw 9 of its levels.

You collected 355 gold pieces.

Inventory:

Hand Weapons
 A - a +0 flail of protection
 F - a +2 hand axe of electrocution
 H - a +2 war axe of electrocution (weapon)
Armour
 c - a +0 kite shield (worn)
 e - a +0 pair of boots (worn)
 i - a +0 pair of gloves (worn)
 n - a +2 helmet (worn)
 w - a +2 plate armour of poison resistance (worn)
 y - a +0 cloak (worn)
Jewellery
 p - an amulet of faith (around neck)
 E - a ring of stealth (left hand)
Wands
 g - a wand of digging (6)
 t - a wand of paralysis (9)
 C - a wand of iceblast (12)
Scrolls
 h - 6 scrolls of teleportation
 k - 3 scrolls of remove curse
 x - a scroll of fear
Potions
 b - a potion of cancellation
 j - a potion of flight
 l - 4 potions of curing
 m - 2 potions of magic
 o - 3 potions of lignification
 r - 2 potions of brilliance
 u - a potion of heal wounds {unknown}
 v - a potion of degeneration {unknown}
 z - a potion of ambrosia {unknown}
 B - a potion of stabbing {unknown}
 G - a potion of invisibility
Comestibles
 f - 13 rations


   Skills:
 * Level 5.2 Fighting
 * Level 10.0 Axes
 * Level 6.6 Armour
 * Level 4.8 Dodging
 * Level 7.5 Shields


You had 8 spell levels left.
You didn't know any spells.
Your spell library was empty.

Dungeon Overview and Level Annotations

Branches:
Dungeon (8/15)             Temple (1/1) D:4
   Lair: D:8-11

Altars:
Ashenzari
Cheibriados
Dithmenos
Elyvilon
Fedhas
Hepliaklqana
Kikubaaqudgha
Nemelex Xobeh
Okawaru
Qazlal
Ru
Trog
Uskayaw
Wu Jian
Xom
Yredelemnul
Zin
The Shining One

Shops:
D:7 =


Innate Abilities, Weirdness & Mutations

You are resistant to damage.
You can heal yourself by infusing magical energy.
You passively map the area around you.
You do not regenerate.
You are partially covered in rugged brown scales. (AC +1, +3% HP)
Armour fits poorly on your strangely shaped body.
Your muscles are strong. (Str +2)
Your spells are a little harder to cast, but a little more powerful.


Message History

You slash the fire dragon!
Lightning courses through the fire dragon!!
The fire dragon is severely wounded.
You hit the phantom. Lightning courses through the phantom!!
You slash the quokka skeleton!
Lightning courses through the quokka skeleton!
You destroy the quokka skeleton!
The phantom completely misses you. The fire dragon bites you!
The fire dragon claws you. You block the fire dragon's attack.
You slash the fire dragon!
Lightning courses through the fire dragon!
The fire dragon is almost dead.
You slash the phantom!
The phantom blinks!
The fire dragon bites you. The fire dragon barely misses you.
You block the fire dragon's attack.
You hit the fire dragon but do no damage.
The fire dragon is almost dead.
The phantom blinks! x2
The fire dragon breathes flames at you. The blast of flame hits you!!!
You die...

, , **...... ##.., ,
** .....## ... * ,
,W,.....# .., #*, *
, ..##.#.##W#* .., *
.......#..###... ,
≈§≈...............*
≈ §≈.#..#.).....###
≈≈≈≈...##..†§....#
≈§......D@#..###
≈§.#..§.).##..#** ,
,).....#..<...... **
*
,..#...##§...##..#,,
*, ,, , . #..
.....[.... , , #..
.......## , , ..
#......W# * , ...
...$....#,, , , ,, ,
, ,*,,


You could see a fire dragon (catching breath) and 2 phantoms.

Vanquished Creatures
  Grinder (D:3)
  A hippogriff (D:7)
  Grum (D:8)
  2 orc warriors (D:6)
  4 ice beasts (D:6)
  A sky beast (D:5)
  A necrophage (D:5)
  2 wolves (D:8)
  3 ogres
  A big kobold (D:7)
  4 bullfrogs
  A scorpion (D:6)
  5 killer bees (D:7)
  A howler monkey (D:6)
  4 hounds
  A jelly (D:6)
  3 bullfrog skeletons
  5 orc priests
  A gnoll shaman (D:6)
  Natasha (twice) (D:3)
  6 orc wizards
  3 worker ants
  A hound skeleton (D:5)
  12 adders
  7 gnolls (D:6)
  A shadow imp (D:7)
  An adder skeleton (D:5)
  An adder zombie (D:5)
  2 worms (D:3)
  2 dart slugs (D:2)
  4 leopard geckos
  32 orcs
  A ball python (D:3)
  9 bats
  5 giant cockroaches
  6 goblins
  7 hobgoblins
  5 quokkas
  6 frilled lizards
  6 kobolds
  2 quokka skeletons
  9 rats
172 creatures vanquished.

Notes
Turn   | Place    | Note
-------+----------+-------------------------------------------
     0 | D:1      | Lovchig the Deep Dwarf Fighter began the quest for the Orb.
     0 | D:1      | Reached XP level 1. HP: 20/20 MP: 1/1
   108 | D:1      | Reached XP level 2. HP: 27/27 MP: 2/2
   646 | D:2      | Found a glowing silver altar of Zin.
   694 | D:2      | Reached XP level 3. HP: 31/33 MP: 3/3
   738 | D:2      | Reached skill level 1 in Dodging
   838 | D:2      | Reached skill level 3 in Axes
  1300 | D:3      | Reached XP level 4. HP: 42/42 MP: 4/4
  1325 | D:3      | Reached XP level 5. HP: 18/49 MP: 5/5
  1328 | D:3      | Reached skill level 4 in Axes
  1366 | D:3      | Found a shattered altar of Ashenzari.
  1374 | D:3      | Found a shimmering altar of Xom.
  1375 | D:3      | Noticed Grinder
  1378 | D:3      | Paralysed by Grinder for 5 turns
  1412 | D:3      | Paralysed by Grinder for 6 turns
  1421 | D:3      | Killed Grinder
  1421 | D:3      | Reached XP level 6. HP: 38/56 MP: 5/5
  1551 | D:3      | Found a bloodstained altar of Trog.
  1569 | D:3      | Noticed Natasha
  1583 | D:3      | Killed Natasha
  1583 | D:3      | Reached skill level 5 in Axes
  1641 | D:3      | Noticed Natasha
  1656 | D:3      | Killed Natasha
  2094 | D:4      | Reached XP level 7. HP: 21/63 MP: 6/6
  2103 | D:4      | Found a staircase to the Ecumenical Temple.
  2134 | Temple   | Entered the Ecumenical Temple
  2566 | D:4      | Reached skill level 5 in Armour
  2777 | D:5      | Entered Level 5 of the Dungeon
  2849 | D:5      | Reached skill level 6 in Axes
  2854 | D:5      | Found a stormy altar of Qazlal.
  3015 | D:5      | Reached skill level 5 in Shields
  3189 | D:6      | Reached XP level 8. HP: 56/72 MP: 5/5
  3198 | D:6      | Reached skill level 7 in Axes
  3248 | D:6      | Reached skill level 8 in Axes
  3413 | D:6      | Found a hide-covered altar of Uskayaw.
  3414 | D:6      | Noticed a +0 hand axe
  3415 | D:6      | Noticed a +0 hand axe
  3453 | D:6      | Found a sparkling altar of Nemelex Xobeh.
  3453 | D:6      | Found a hazy altar of Hepliaklqana.
  3520 | D:6      | Gained mutation: You passively map the area around you.
                  | [Deep Dwarf growth]
  3520 | D:6      | Reached XP level 9. HP: 22/79 MP: 5/5
  3538 | D:6      | Found an iron altar of Okawaru.
  3817 | D:7      | Reached skill level 9 in Axes
  3978 | D:7      | Reached skill level 5 in Fighting
  4005 | D:7      | Found Tecyr's Jewellery Shop.
  4522 | D:7      | Gained mutation: Your spells are a little harder to cast,
                  | but a little more powerful. [potion of mutation]
  4522 | D:7      | Gained mutation: Armour fits poorly on your strangely
                  | shaped body. [potion of mutation]
  4522 | D:7      | Gained mutation: Your muscles are strong. (Str +2) [potion
                  | of mutation]
  4522 | D:7      | Gained mutation: You are partially covered in rugged brown
                  | scales. (AC +1, +3% HP) [potion of mutation]
  4674 | D:8      | Noticed Grum
  4683 | D:8      | Killed Grum
  4683 | D:8      | Reached skill level 10 in Axes
  4684 | D:8      | Noticed a fire dragon
  4687 | D:8      | HP: 1/83 [fire dragon/blast of flame (48)]
  4698 | D:8      | HP: 4/83 [fire dragon/blast of flame (34)]
  4703 | D:8      | HP: 3/83 [fire dragon/blast of flame (41)]
  4712 | D:8      | Killed from afar by a fire dragon

Illustrated notes

Levels and vault maps discovered:
D:1:      eino_arrival_druids_welcome, layout_loops_cross, wad_floor_pattern_2
D:2:      layout_basic, marbit_many_paths
D:3:      layout_basic, lemuel_doored_altar, xom_butterflies, first_ration,
          chequers_serial_rivers_small_a, lemuel_statue_altar, uniq_natasha,
          uniq_grinder
D:4:      layout_basic, minmay_temple_entry_ruins, corexii_shack
D:5:      layout_rooms, grunt_qazlal_sundering
D:6:      layout_rooms, dancing_weapons_uskayaw, okawaru_trees_1,
          gammafunk_temple_overflow_elements
D:7:      layout_gridville, serial_shops, shop
D:8:      layout_cave_pools, grunt_temple_overflow_lords_of_destruction,
          gammafunk_temple_overflow_wave, minmay_lair_entry_lava, special_room
          [special_room_orc], lightli_corner_chamber, uniq_grum
Temple:   nicolae_temple_figure_zero

Skill      XL: |  1  2  3  4  5  6  7  8  9 |
---------------+----------------------------+-----
Dodging        | 1 2 3 4 |  4.8
Fighting       | 3 4 5 |  5.2
Axes           | 3 4 5 6 8 10 | 10.0
Shields        | 4 5 6 7 |  7.5
Armour         | 4 5 6 |  6.6

Action                   |  1- 3 |  4- 6 |  7- 9 || total
-------------------------+-------+-------+-------++-------
Melee: War axe           |   112 |   117 |   412 ||   641
 Abil: Heal Wounds       |     1 |     3 |    24 ||    28
  Use: Scroll            |     4 |     1 |     8 ||    13
       Potion            |       |       |     2 ||     2
  Eat: Chunk             |     1 |     3 |     9 ||    13
Armor: Scale mail        |    51 |    48 |       ||    99
       Plate armour      |       |    32 |   315 ||   347
Dodge: Dodged            |    35 |    60 |   126 ||   221
Block: Kite shield       |    81 |    77 |   282 ||   440

Table legend:
 A = Non-vault XP
 B = Vault XP
 C = Vault XP percentage of total XP
 D = Non-vault monster count
 E = Vault monster count
 F = Vault count percentage of total count
                 A         B        C        D         E       F
            +---------+---------+-------+---------+---------+-------
      Total |    4007 |     748 |  15.7 |     165 |       7 |   4.1
            +---------+---------+-------+---------+---------+-------
        D:1 |      26 |       0 |   0.0 |      18 |       0 |   0.0
        D:2 |      57 |       1 |   1.7 |      17 |       1 |   5.6
        D:3 |     227 |     326 |  59.0 |      25 |       2 |   7.4
        D:4 |     229 |       1 |   0.4 |      21 |       1 |   4.5
        D:5 |     517 |       0 |   0.0 |      13 |       0 |   0.0
        D:6 |    1754 |       0 |   0.0 |      38 |       0 |   0.0
        D:7 |    1103 |       0 |   0.0 |      28 |       0 |   0.0
        D:8 |      94 |     420 |  81.7 |       5 |       3 |  37.5
            +---------+---------+-------+---------+---------+-------
